 Dungeon Crawl Stone Soup version 0.24-a0-769-g368c164 (webtiles) character file.

Game seed: 7313569157554633537, levelgen mode: deterministic

400 BoppinsLewinski the Poker (level 6, -6/47 HPs)
             Began as a Demonspawn Gladiator on Oct 7, 2019.
             Shot with an arrow by a centaur (8 damage)
             ... on level 4 of the Dungeon.
             The game lasted 00:07:37 (2513 turns).

BoppinsLewinski the Poker (Demonspawn Gladiator)    Turns: 2513, Time: 00:07:37

Health: -6/47      AC:  6    Str: 16      XL:     6   Next: 54%
Magic:  6/6        EV: 21    Int:  9      God:
Gold:   158        SH:  0    Dex: 18 (20) Spells: 5/5 levels left

rFire    + . .     SeeInvis .   a - +0 trident
rCold    . . .     Gourm    .   (no shield)
rNeg     . . .     Faith    .   m - +0 troll leather armour {Purgy}
rPois    .         Spirit   .   c - +0 helmet
rElec    .         Reflect  .   (no cloak)
rCorr    .         Harm     .   h - +0 pair of gloves
MR       .....                  (no boots)
Stlth    ++........             (no amulet)
HPRegen  0.55/turn              (no ring)
MPRegen  0.10/turn              (no ring)

@: agile, lethally poisoned (-6 -> -7)
A: talons 1, repulsion field 1, demonic guardian 1, fire resistance 1, mutation
resistance 1
a: no special abilities


You were on level 4 of the Dungeon.
You were not hungry.

You visited 1 branch of the dungeon, and saw 4 of its levels.
You also visited: Sewer.

You collected 158 gold pieces.

Inventory:

Hand Weapons
 a - a +0 trident (weapon)
 d - a cursed -1 halberd
Armour
 b - a +0 leather armour
 c - a +0 helmet (worn)
 h - a +0 pair of gloves (worn)
 m - a +0 troll leather armour (worn) {Purgy}
Scrolls
 g - 2 scrolls of teleportation {unknown}
 i - 2 scrolls of remove curse {unknown}
 j - a scroll of enchant armour {unknown}
 k - 2 scrolls of identify {unknown}
 l - a scroll of amnesia {unknown}
 o - a scroll of blinking {unknown}
Potions
 e - a potion of cancellation
Comestibles
 f - 3 rations


   Skills:
 + Level 3.5 Fighting
 * Level 4.7 Polearms
 - Level 1.7 Throwing
 + Level 2.4 Armour
 + Level 3.8 Dodging


You had 5 spell levels left.
You didn't know any spells.
Your spell library was empty.

Dungeon Overview and Level Annotations

Branches:
Dungeon (4/15)              Sewer (visited)
 Temple: D:4-7

Altars:
Dithmenos
Yredelemnul


Innate Abilities, Weirdness & Mutations

You have sharp toenails.
You are surrounded by a mild repulsion field. (EV +2)
A weak demonic guardian rushes to your aid.
Your flesh is heat resistant. (rF+)
You are somewhat resistant to further mutation.


Message History

Aim: a centaur, wieldin' a +0 shortbow o' freezin' (heavily wounded) Okay, than.
Tha centaur unwields a +0 shortbow o' freezin'.
Tha centaur misses ye.
Tha worker ant bites ye.
* * * LOW HITPOINT WARNIN'
* * * Ye be poison'd.
Tha worker ant poisons ye!
Tha leopard gecko completely misses ye.
Ye see 'ere an arrow.
Unknown command.
Ye feel sick.
Tha centaur wields a +0 shortbow o' freezin'.
It be cov'red in frost.
Tha centaur shoots an arrow.
Tha arrow hits ye.
* * * LOW HITPOINT WARNIN'
* * * Tha arrow freezes ye.
* * * LOW HITPOINT WARNIN'
* * * Somethin' closely misses yer ufetubus.
Tha leopard gecko bites yer ufetubus.
Tha centaur shoots an arrow.
Tha arrow completely misses yer ufetubus.
Tha arrow hits ye!
Ye die...

...#.#......#.#.###
............###
.#........###
..........#####
....##.##.....#
...##.. #.....#
.#....###.....#
...........####
....#.5@###
...###5##
(.....lca##
....#..o.(# ..
###.......#
#.........5
............
.............
...............


You could see a centaur, an orc, a leopard gecko, a friendly quasit (paralysed)
and a friendly ufetubus.

Vanquished Creatures
  Purgy (Sewer)
  4 gnolls (D:3)
  A river rat (D:3)
  4 adders
  An ooze (D:1)
  A worm (D:3)
  A dart slug (D:2)
  2 orcs (D:3)
  3 giant cockroaches
  7 goblins
  2 hobgoblins (D:1)
  2 jackals (Sewer)
  4 ball pythons
  12 bats
  5 frilled lizards
  11 kobolds
  6 rats
  A spectral orc (D:3)
68 creatures vanquished.

Vanquished Creatures (collateral kills)
  Grinder (D:4)
1 creature vanquished.

Grand Total: 69 creatures vanquished

Notes
Turn   | Place    | Note
-------+----------+-------------------------------------------
     0 | D:1      | BoppinsLewinski the Demonspawn Gladiator began the quest
                  | for the Orb.
     0 | D:1      | Reached XP level 1. HP: 16/16 MP: 1/1
    58 | D:1      | Gained mutation: A weak demonic guardian rushes to your
                  | aid. [demonic ancestry]
    58 | D:1      | Reached XP level 2. HP: 19/22 MP: 2/2
    91 | D:1      | Reached skill level 3 in Polearms
   455 | D:1      | Reached XP level 3. HP: 27/28 MP: 3/3
   585 | D:2      | Reached skill level 1 in Armour
  1069 | D:2      | Found a shadowy altar of Dithmenos.
  1281 | D:3      | Gained mutation: You have sharp toenails. [demonic
                  | ancestry]
  1281 | D:3      | Reached XP level 4. HP: 27/34 MP: 4/4
  1506 | D:3      | Gained mutation: You are surrounded by a mild repulsion
                  | field. (EV +2) [demonic ancestry]
  1506 | D:3      | Reached XP level 5. HP: 20/40 MP: 5/5
  1525 | D:3      | Found a glowing drain.
  1530 | Sewer    | Entered a sewer
  1797 | Sewer    | Noticed Purgy
  1801 | Sewer    | Gained mutation: You are somewhat resistant to further
                  | mutation. [potion of mutation]
  1813 | Sewer    | Killed Purgy
  1813 | Sewer    | Reached skill level 4 in Polearms
  2281 | D:3      | Found a basalt altar of Yredelemnul.
  2487 | D:4      | Noticed a centaur
  2487 | D:4      | Noticed Grinder
  2499 | D:4      | Paralysed by Grinder for 3 turns
  2511 | D:4      | Killed Grinder
  2511 | D:4      | Gained mutation: Your flesh is heat resistant. (rF+)
                  | [demonic ancestry]
  2511 | D:4      | Reached XP level 6. HP: 12/47 MP: 6/6
  2513 | D:4      | HP: 2/47 [centaur/arrow (2)]
  2513 | D:4      | Shot with an arrow by a centaur

Levels and vault maps discovered:
D:1:      wander_arrival_abandoned_jail, layout_basic
D:2:      layout_rooms, nicolae_dithmenos_through_a_glass_darkly
D:3:      layout_rooms, yredelemnul_forgotten_temple_becter,
          serial_corexii_hall, corexii_hall_statues_l,
          chequers_hall_statues_corner_a, portal_sewer_entry_e
D:4:      layout_cave_pools, kennysheep_small_circle, uniq_robin, uniq_grinder

Skill      XL: |  1  2  3  4  5 |
---------------+----------------+-----
Polearms       | 3 4 |  4.7
Dodging        | 3 |  3.8
Armour         | 1 2 |  2.4
Fighting       | 3 |  3.5
Throwing       | |  1.7

Action                   |  1- 3 |  4- 6 || total
-------------------------+-------+-------++-------
Melee: Trident           |   113 |    88 ||   201
       Kick              |       |    15 ||    15
       Unarmed           |       |     7 ||     7
Throw: Throwing net      |     3 |     1 ||     4
  Use: Potion            |       |     6 ||     6
 Stab: Sleeping          |     3 |       ||     3
       Held in net/web   |       |     2 ||     2
       Distracted        |       |     1 ||     1
  Eat: Chunk             |     1 |     1 ||     2
       Ration            |       |     1 ||     1
Armor: Leather armour    |    31 |    20 ||    51
       Skin              |       |     8 ||     8
       Troll leather arm |       |     2 ||     2
Dodge: Dodged            |    77 |    71 ||   148

Table legend:
 A = Non-vault XP
 B = Vault XP
 C = Vault XP percentage of total XP
 D = Non-vault monster count
 E = Vault monster count
 F = Vault count percentage of total count
                 A         B        C        D         E       F
            +---------+---------+-------+---------+---------+-------
      Total |     188 |     384 |  67.1 |      53 |      16 |  23.2
            +---------+---------+-------+---------+---------+-------
        D:1 |      42 |       0 |   0.0 |      27 |       0 |   0.0
        D:2 |      42 |       0 |   0.0 |      11 |       0 |   0.0
        D:3 |     104 |      26 |  20.0 |      15 |       9 |  37.5
        D:4 |       0 |     240 | 100.0 |       0 |       1 | 100.0
      Sewer |       0 |     118 | 100.0 |       0 |       6 | 100.0
            +---------+---------+-------+---------+---------+-------
